[ AOE2 MATCH · #505143456 ]
UnrankedPoles vs Goths
Player's team · LOSS
Rival team · WIN
[ REPLAY ANALYSIS · EXTRACTED FROM THE RECORDED GAME ]
Feudal
12:42
Castle
20:27
Imperial
—
| APM avg | 25.3 |
| APM peak | 356 |
| eAPM avg | 19.0 |
| Villagers / military | 56 / 25 |
Focus
⚔️ 25.1% · 🌾 74.9%
Obuch ×18 · Mangonel ×3 · Scorpion ×3 · Knight ×1
Feudal
12:10
Castle
21:38
Imperial
46:24
| APM avg | 56.6 |
| APM peak | 104 |
| eAPM avg | 24.8 |
| Villagers / military | 74 / 133 |
Focus
⚔️ 38.1% · 🌾 61.9%
Militia ×71 · Spearman ×24 · Archer ×20 · Battering Ram ×9 · Huskarl ×4 · Mangonel ×3
Match map
Initial resources + every placement click. Lines = walls · curves = elevation contours. ◆ gold · ⬟ stone · ● berries · ✦ relic · ◌ wall gap
Your base· Open — 10t gap
felipences1980's base· Open — unwalled flank
Smoothed initial terrain · ◌ = detected wall gap · hover for details
Inputs per minute
— DarkAngel2173 - - felipences1980
Build order — DarkAngel2173
First 150 of 178 actions detected
| 0:01 | Queue | Villager (Male) |
| 0:02 | Research | Loom |
| 0:02 | Queue | Villager (Male) |
| 0:03 | Queue | Villager (Male) |
| 0:03 | Queue | Villager (Male) |
| 0:03 | Queue | Villager (Male) |
| 0:05 | Build | House |
| 0:17 | Build | House |
| 0:20 | Build | House |
| 0:27 | Build | House |
| 0:31 | Build | House |
| 2:07 | Queue | Villager (Male) |
| 2:28 | Queue | Villager (Male) |
| 2:54 | Queue | Villager (Male) |
| 3:09 | Queue | Villager (Male) |
| 3:40 | Queue | Villager (Male) |
| 4:12 | Queue | Villager (Male) |
| 4:31 | Build | Mill |
| 4:37 | Queue | Villager (Male) |
| 5:13 | Queue | Villager (Male) |
| 5:31 | Queue | Villager (Male) |
| 6:05 | Queue | Villager (Male) |
| 6:45 | Build | Mill |
| 6:59 | Queue | Villager (Male) |
| 7:00 | Queue | Villager (Male) |
| 7:38 | Queue | Villager (Male) |
| 8:07 | Queue | Villager (Male) |
| 8:27 | Queue | Villager (Male) |
| 8:28 | Queue | Villager (Male) |
| 9:30 | Queue | Villager (Male) |
| 9:52 | Build | Mining Camp |
| 9:56 | Queue | Villager (Male) |
| 10:32 | Research | Feudal Age |
| 11:30 | Build | Barracks |
| 12:42 | Age | Feudal Age |
| 12:45 | Research | Horse Collar |
| 13:36 | Queue | Villager (Male) |
| 13:37 | Queue | Villager (Male) |
| 13:57 | Build | Lumber Camp |
| 14:58 | Build | Watch Tower |
| 15:11 | Build | Lumber Camp |
| 15:14 | Queue | Villager (Male) |
| 15:16 | Queue | Villager (Male) |
| 16:10 | Build | Lumber Camp |
| 16:54 | Build | Market |
| 17:10 | Build | Blacksmith |
| 17:47 | Research | Castle Age |
| 19:03 | Build | Mining Camp |
| 19:14 | Research | Stone Mining |
| 20:27 | Age | Castle Age |
| 20:30 | Build | Siege Workshop |
| 20:54 | Queue | Scorpion |
| 20:54 | Queue | Scorpion |
| 21:48 | Build | Mill |
| 22:04 | Queue | Scorpion |
| 22:14 | Build | House |
| 22:17 | Build | House |
| 22:18 | Build | House |
| 22:29 | Build | Farm |
| 22:29 | Build | Farm |
| 22:29 | Build | Farm |
| 22:30 | Build | Farm |
| 22:30 | Build | Farm |
| 22:30 | Build | Farm |
| 22:31 | Build | Farm |
| 23:23 | Build | Mining Camp |
| 23:26 | Build | Farm |
| 23:27 | Build | Farm |
| 23:32 | Queue | Villager (Male) |
| 23:32 | Queue | Villager (Male) |
| 24:06 | Build | Stable |
| 24:15 | Queue | Villager (Male) |
| 24:15 | Queue | Villager (Male) |
| 24:32 | Build | Farm |
| 24:35 | Build | Farm |
| 25:00 | Queue | Mangonel |
| 25:10 | Queue | Villager (Male) |
| 25:10 | Queue | Villager (Male) |
| 25:11 | Queue | Villager (Male) |
| 25:16 | Build | Farm |
| 25:53 | Queue | Mangonel |
| 25:56 | Queue | Villager (Male) |
| 25:56 | Queue | Villager (Male) |
| 26:25 | Research | Bloodlines |
| 26:34 | Queue | Mangonel |
| 26:54 | Queue | Knight |
| 27:43 | Queue | Villager (Male) |
| 27:43 | Queue | Villager (Male) |
| 27:44 | Queue | Villager (Male) |
| 27:44 | Queue | Villager (Male) |
| 27:49 | Build | Castle |
| 28:47 | Build | Mining Camp |
| 28:56 | Research | Heavy Plow |
| 30:17 | Queue | Villager (Male) |
| 30:17 | Queue | Villager (Male) |
| 30:17 | Queue | Villager (Male) |
| 30:17 | Queue | Villager (Male) |
| 30:18 | Queue | Villager (Male) |
| 30:18 | Queue | Villager (Male) |
| 30:57 | Build | Mill |
| 31:04 | Build | Farm |
| 31:05 | Build | Farm |
| 31:06 | Build | Farm |
| 31:08 | Build | Farm |
| 31:30 | Build | House |
| 31:37 | Build | House |
| 31:44 | Build | Palisade Wall |
| 31:55 | Build | Palisade Wall |
| 32:38 | Build | Castle |
| 32:42 | Build | Farm |
| 32:42 | Build | Farm |
| 32:43 | Build | Farm |
| 32:44 | Build | Farm |
| 33:21 | Queue | Obuch |
| 33:22 | Queue | Obuch |
| 33:22 | Queue | Obuch |
| 33:22 | Queue | Obuch |
| 33:23 | Queue | Obuch |
| 33:23 | Queue | Obuch |
| 33:36 | Build | Mining Camp |
| 33:38 | Queue | Villager (Male) |
| 33:39 | Queue | Villager (Male) |
| 33:39 | Queue | Villager (Male) |
| 33:40 | Queue | Villager (Male) |
| 33:40 | Queue | Villager (Male) |
| 33:41 | Queue | Villager (Male) |
| 34:05 | Build | Mill |
| 34:15 | Build | Farm |
| 34:16 | Build | Farm |
| 34:17 | Build | Farm |
| 34:18 | Build | Farm |
| 34:21 | Build | Farm |
| 34:42 | Build | Market |
| 34:53 | Build | Farm |
| 35:21 | Build | Stable |
| 35:25 | Build | Stable |
| 35:28 | Build | Stable |
| 35:33 | Research | Husbandry |
| 35:36 | Research | Szlachta Privileges |
| 36:04 | Build | Mining Camp |
| 36:06 | Queue | Villager (Male) |
| 36:07 | Queue | Villager (Male) |
| 36:07 | Queue | Villager (Male) |
| 36:12 | Queue | Villager (Male) |
| 37:07 | Research | Imperial Age |
| 37:30 | Queue | Obuch |
| 37:31 | Queue | Obuch |
| 37:31 | Queue | Obuch |
| 37:31 | Queue | Obuch |
| 38:10 | Queue | Obuch |
Build order — felipences1980
First 150 of 348 actions detected
| 0:02 | Queue | Villager (Male) |
| 0:02 | Queue | Villager (Male) |
| 0:02 | Queue | Villager (Male) |
| 0:05 | Build | House |
| 0:07 | Build | House |
| 0:11 | Queue | Villager (Male) |
| 0:56 | Research | Loom |
| 1:01 | Queue | Villager (Male) |
| 1:36 | Queue | Villager (Male) |
| 1:36 | Queue | Villager (Male) |
| 2:11 | Queue | Villager (Male) |
| 2:11 | Queue | Villager (Male) |
| 2:25 | Queue | Villager (Male) |
| 2:58 | Queue | Villager (Male) |
| 3:12 | Build | House |
| 3:15 | Build | House |
| 3:45 | Queue | Villager (Male) |
| 4:01 | Queue | Villager (Male) |
| 4:18 | Build | Barracks |
| 4:26 | Queue | Villager (Male) |
| 4:46 | Queue | Villager (Male) |
| 4:52 | Build | House |
| 5:12 | Queue | Militia |
| 5:12 | Queue | Militia |
| 5:40 | Queue | Villager (Male) |
| 6:01 | Queue | Villager (Male) |
| 6:07 | Build | House |
| 6:11 | Queue | Villager (Male) |
| 6:42 | Queue | Militia |
| 6:47 | Build | Mill |
| 7:00 | Queue | Villager (Male) |
| 7:08 | Queue | Villager (Male) |
| 7:19 | Queue | Militia |
| 7:40 | Queue | Villager (Male) |
| 7:59 | Queue | Villager (Male) |
| 8:31 | Build | Lumber Camp |
| 8:33 | Queue | Villager (Male) |
| 9:18 | Queue | Villager (Male) |
| 10:00 | Research | Feudal Age |
| 10:01 | Research | Feudal Age |
| 12:10 | Age | Feudal Age |
| 12:15 | Research | Man-at-Arms (upgrade) |
| 12:20 | Queue | Villager (Male) |
| 12:21 | Queue | Militia |
| 12:21 | Queue | Militia |
| 12:25 | Build | Archery Range |
| 12:28 | Build | House |
| 12:30 | Queue | Villager (Male) |
| 12:37 | Build | Mining Camp |
| 13:20 | Queue | Villager (Male) |
| 13:34 | Build | Blacksmith |
| 13:37 | Queue | Villager (Male) |
| 14:02 | Queue | Villager (Male) |
| 14:26 | Queue | Archer |
| 14:26 | Queue | Archer |
| 14:26 | Queue | Archer |
| 14:26 | Queue | Archer |
| 14:31 | Build | Archery Range |
| 14:58 | Queue | Villager (Male) |
| 15:20 | Queue | Villager (Male) |
| 15:20 | Queue | Villager (Male) |
| 15:31 | Queue | Archer |
| 15:32 | Queue | Archer |
| 15:32 | Queue | Archer |
| 15:33 | Research | Padded Archer Armor |
| 15:52 | Queue | Villager (Male) |
| 16:07 | Build | Farm |
| 16:07 | Build | Farm |
| 16:08 | Build | Farm |
| 16:08 | Build | Farm |
| 16:08 | Build | Farm |
| 16:09 | Build | Farm |
| 16:09 | Build | Farm |
| 16:17 | Build | House |
| 16:29 | Research | Fletching |
| 16:29 | Research | Fletching |
| 16:33 | Queue | Archer |
| 16:57 | Queue | Archer |
| 16:59 | Queue | Archer |
| 17:09 | Build | Market |
| 17:24 | Queue | Villager (Male) |
| 17:28 | Build | Farm |
| 17:28 | Build | Farm |
| 17:29 | Build | Farm |
| 17:29 | Build | Farm |
| 17:29 | Build | Farm |
| 17:30 | Build | Farm |
| 17:30 | Queue | Villager (Male) |
| 18:27 | Queue | Villager (Male) |
| 18:44 | Build | Farm |
| 18:44 | Build | Farm |
| 18:58 | Research | Castle Age |
| 18:59 | Research | Castle Age |
| 19:25 | Build | Farm |
| 19:25 | Build | Farm |
| 19:25 | Build | Farm |
| 19:26 | Queue | Villager (Male) |
| 19:28 | Build | House |
| 19:29 | Build | House |
| 19:34 | Queue | Archer |
| 19:34 | Queue | Archer |
| 20:09 | Research | Double-Bit Axe |
| 20:10 | Research | Double-Bit Axe |
| 20:14 | Research | Gold Mining |
| 20:14 | Research | Gold Mining |
| 20:28 | Build | House |
| 20:29 | Build | House |
| 21:38 | Age | Castle Age |
| 21:45 | Research | Leather Archer Armor |
| 21:46 | Research | Bodkin Arrow |
| 22:06 | Research | Crossbowman (upgrade) |
| 22:06 | Research | Crossbowman (upgrade) |
| 22:08 | Queue | Villager (Male) |
| 22:31 | Build | Siege Workshop |
| 22:43 | Queue | Villager (Male) |
| 22:44 | Research | Scale Mail Armor |
| 22:47 | Queue | Villager (Male) |
| 22:49 | Build | Lumber Camp |
| 23:22 | Build | House |
| 23:27 | Queue | Archer |
| 23:27 | Queue | Archer |
| 23:28 | Queue | Archer |
| 23:29 | Queue | Archer |
| 23:42 | Queue | Mangonel |
| 23:45 | Queue | Villager (Male) |
| 23:53 | Queue | Archer |
| 23:53 | Queue | Archer |
| 23:54 | Queue | Archer |
| 23:54 | Queue | Archer |
| 24:02 | Build | House |
| 24:22 | Queue | Villager (Male) |
| 24:26 | Build | House |
| 25:12 | Queue | Mangonel |
| 25:21 | Queue | Villager (Male) |
| 26:17 | Queue | Villager (Male) |
| 26:19 | Queue | Mangonel |
| 26:30 | Queue | Villager (Male) |
| 26:34 | Queue | Villager (Male) |
| 26:39 | Build | Farm |
| 26:39 | Build | Farm |
| 27:27 | Queue | Villager (Male) |
| 27:29 | Build | Mining Camp |
| 27:31 | Queue | Villager (Male) |
| 27:40 | Research | Long Swordsman (upgrade) |
| 27:40 | Research | Squires |
| 27:47 | Build | Barracks |
| 27:53 | Queue | Villager (Male) |
| 28:03 | Queue | Militia |
| 28:03 | Queue | Militia |
| 28:03 | Queue | Militia |
Match timeline
| 4:18 | felipences1980 · first_building Barracks |
| 11:30 | DarkAngel2173 · first_building Barracks |
| 12:10 | felipences1980 · age_up feudal |
| 12:25 | felipences1980 · first_building Archery Range |
| 12:42 | DarkAngel2173 · age_up feudal |
| 18:47 | felipences1980 · first_market_buy 100 food |
| 19:10 | DarkAngel2173 · first_market_sell 500 wood |
| 19:11 | DarkAngel2173 · first_market_buy 500 food |
| 20:27 | DarkAngel2173 · age_up castle |
| 20:30 | DarkAngel2173 · first_building Siege Workshop |
| 21:38 | felipences1980 · age_up castle |
| 21:54 | felipences1980 · first_market_sell 100 stone |
| 22:31 | felipences1980 · first_building Siege Workshop |
| 24:06 | DarkAngel2173 · first_building Stable |
| 27:49 | DarkAngel2173 · first_building Castle |
| 31:44 | DarkAngel2173 · wall_segment Palisade Wall x1 |
| 31:55 | DarkAngel2173 · wall_segment Palisade Wall x1 |
| 32:01 | felipences1980 · first_building Castle |
| 46:24 | felipences1980 · age_up imperial |
| 48:13 | felipences1980 · first_building Monastery |
[ AI ANALYSIS · 1 CREDIT ]
What really happened in this match?
Wolo.gg analyzes every decision: build order, eco, micro, common mistakes by bracket. Personalized analysis on WhatsApp or Discord in 30 seconds.
Civ guide
Poles
Perfil
DarkAngel2173